 Dungeon Crawl Stone Soup version 0.20.1-1-g8b1a95d (webtiles) character file.

5135 berjavec the Grappler (level 10, -5/100 HPs)
             Began as a Troll Fighter on Sept 1, 2017.
             Was an Elder of Okawaru.
             Engulfed by a cloud of freezing vapour (19 damage)
             ... on level 8 of the Dungeon.
             The game lasted 00:12:05 (5769 turns).

berjavec the Grappler (Troll Fighter)               Turns: 5769, Time: 00:12:06

Health: -5/100     AC: 10    Str: 26    XL:     10   Next: 33%
Magic:  9/9        EV: 13    Int:  5    God:    Okawaru [****..]
Gold:   279        SH: 10    Dex: 11    Spells: 9/9 levels left

rFire    . . .     SeeInvis .     - Unarmed
rCold    . . .     Gourm    +   b - +0 shield
rNeg     . . .     Faith    +   R - +0 steam dragon scales
rPois    .         Spirit   .   (helmet restricted)
rElec    .         Reflect  .   G - +1 cloak
rCorr    .         Harm     .   (gloves unavailable)
MR       +....                  (boots unavailable)
Stlth    +.........             o - amulet of faith
Regen    0.7/turn               t - +4 ring of evasion
MPRegen  0.2/turn               l - ring of protection from magic

@: about to teleport
A: unfitting armour, claws 3, fast metabolism 3, gourmand, regeneration 1,
shaggy fur 1, tough skin 2
a: Heroism, Renounce Religion


You were on level 8 of the Dungeon.
You worshipped Okawaru.
Okawaru was greatly pleased with you.
You were completely stuffed.

You visited 2 branches of the dungeon, and saw 9 of its levels.
You also visited: Sewer.

You collected 279 gold pieces.

Inventory:

Missiles
 L - 7 tomahawks (quivered)
Armour
 b - a +0 shield (worn)
 v - a +1 robe of the Archmagi
 G - a +1 cloak (worn)
 I - a +0 cloak
 R - +0 steam dragon scales (worn)
Jewellery
 e - a +4 ring of strength
 l - a ring of protection from magic (right claw)
 o - an amulet of faith (around neck)
 r - an uncursed ring of flight
 t - a +4 ring of evasion (left claw)
 M - an uncursed ring of see invisible
Wands
 a - a wand of random effects (6/48)
 w - a wand of iceblast (6/15)
 H - a wand of digging (8/24)
 P - a wand of flame (22/48)
Scrolls
 h - 2 scrolls of noise
 j - 5 scrolls of identify
 k - 3 scrolls of teleportation
 n - 3 scrolls of immolation {unknown}
 q - a scroll of magic mapping {unknown}
 s - 3 scrolls of enchant weapon
 B - 2 scrolls of blinking {unknown}
 E - a scroll of recharging {unknown}
 F - 2 scrolls of enchant armour {unknown}
 K - a scroll of fear {unknown}
 N - 5 scrolls of remove curse
Potions
 c - a potion of might
 g - a potion of berserk rage {unknown}
 i - a potion of haste
 p - 3 potions of curing
 x - a potion of brilliance {unknown}
 z - a potion of resistance {unknown}
 C - 3 potions of flight {unknown}
 D - 3 potions of heal wounds
Books
 y - a book of Maledictions

   Spells                             Type                      Level
   a - Corona                         Hexes                        1
   b - Ensorcelled Hibernation        Hexes/Ice                    2
   c - Confuse                        Hexes                        3
   d - Tukima's Dance                 Hexes                        3
   e - Dazzling Spray                 Conjuration/Hexes            3
 A - a book of Cantrips

   Spells                             Type                      Level
   a - Confusing Touch                Hexes                        1
   b - Animate Skeleton               Necromancy                   1
   c - Summon Small Mammal            Summoning                    1
   d - Apportation                    Translocation                1
 J - a book of Callings

   Spells                             Type                      Level
   a - Summon Small Mammal            Summoning                    1
   b - Call Imp                       Summoning                    2
   c - Call Canine Familiar           Summoning                    3
   d - Summon Guardian Golem          Hexes/Summoning              3
   e - Summon Lightning Spire         Summoning/Air                4
   f - Summon Ice Beast               Ice/Summoning                4
 Q - a book of Conjurations

   Spells                             Type                      Level
   a - Magic Dart                     Conjuration                  1
   b - Searing Ray                    Conjuration                  2
   c - Dazzling Spray                 Conjuration/Hexes            3
   d - Fulminant Prism                Conjuration/Hexes            4
   e - Force Lance                    Conjuration/Translocation    4
   f - Iskenderun's Mystic Blast      Conjuration                  4
Comestibles
 d - 7 bread rations
 f - 5 meat rations
 m - 4 fruits
 u - 3 royal jellies
 O - 6 chunks of flesh


   Skills:
 + Level 6.9 Fighting
 - Level 2.4 Dodging
 + Level 6.8 Shields
 * Level 11.0 Unarmed Combat


You had 9 spell levels left.
You didn't know any spells.

Dungeon Overview and Level Annotations

Branches:
Dungeon (8/15)             Temple (1/1) D:6
   Lair: D:8-11

Altars:
Ashenzari
Cheibriados
Dithmenos
Elyvilon
Fedhas
Gozag
Hepliaklqana
Kikubaaqudgha
Makhleb
Nemelex Xobeh
Okawaru
Qazlal
Ru
Sif Muna
Trog
Uskayaw
Vehumet
Xom
Yredelemnul
Zin
The Shining One

Shops:
D:8 %


Innate Abilities, Weirdness & Mutations

You are too large for most types of armour.
You have claws for hands.
Your metabolism is lightning-fast.
You like to eat raw meat.
Your natural rate of healing is unusually fast.
You are covered in fur. (AC +1)
You have very tough skin. (AC +2)


Message History

You are engulfed in freezing vapours.
You are engulfed in freezing vapours.
You are engulfed in freezing vapours.
You are engulfed in freezing vapours.
You are engulfed in freezing vapours.
* * * LOW HITPOINT WARNING * * *
It was a potion of heal wounds.
You feel much better.
You are engulfed in freezing vapours.
As you read the scroll labeled YTEHAF IHUEZU, it crumbles to dust.
You hear a loud clanging noise!
It was a scroll of noise.
You are engulfed in freezing vapours.
* * * LOW HITPOINT WARNING * * *
As you read the scroll labeled DAATE MAOMMUCS, it crumbles to dust.
It is a scroll of identify.
k - 4 scrolls of teleportation You are engulfed in freezing vapours.
* * * LOW HITPOINT WARNING * * *
As you read the scroll of teleportation, it crumbles to dust.
You feel strangely unstable.
You are engulfed in freezing vapours.
You die...

....#...####.#$#.'.############.#
#####........#$#§8...........)..#
#...####.#$#§#...............
#...# #.#$#§#.#######.......
#...# #.#§#§#...#####.######
##### #.#§#§#.###........#
#.#§#§#.# #........# # #.#§#§#.#
#........# # #.#§#@#.# #........#
# #.#§#§#.# #...)....# #
#.#§#§#.###........### #
#.#§#§#.......#.#..... #
#.#§#§#.#.......#.#### #
######.#§#§#.#.#...#.#.....
#....#.#§#§#.#.#.########## ###
#....#.#§#§#.#.#........... ..#
#....#.#.#.#(#.#..#########


There were no monsters in sight!

Vanquished Creatures
  A two-headed ogre (D:8)
  Maurice (D:8)
  A hornet (D:8)
  Grinder (D:3)
  A slime creature (D:7)
  A hippogriff (D:7)
  Eustachio (D:4)
  The ghost of vatarom the Scratcher, an amateur FeTm of Makhleb (D:4)
  A steam dragon (D:8)
  Edmund (D:6)
  4 orc warriors
  2 ogres (D:6)
  A necrophage (D:6)
  5 centaurs
  2 big kobolds
  Blork the orc (D:6)
  4 bullfrogs
  A scorpion (D:4)
  A howler monkey (D:6)
  A bullfrog zombie (D:7)
  3 crimson imps
  2 hounds (D:7)
  5 jellies
  7 orc wizards
  Crazy Yiuf (D:4)
  2 orc priests
  3 iguanas
  A bullfrog skeleton (D:7)
  Natasha (thrice) (D:4)
  Ijyb (D:3)
  4 worker ants
  A howler monkey zombie (D:8)
  Robin (D:3)
  8 adders
  7 gnolls
  2 river rats (Sewer)
  17 oozes (D:7)
  2 adder skeletons
  5 dart slugs
  4 leopard geckos
  22 orcs
  13 bats
  9 giant cockroaches
  13 goblins
  9 hobgoblins
  8 jackals
  A quokka (D:4)
  2 ball pythons
  3 frilled lizards
  15 kobolds
  A leopard gecko skeleton (D:6)
  A quokka skeleton (D:6)
  A quokka zombie (D:8)
  9 rats
  A spectral orc (D:7)
  3 fungi
222 creatures vanquished.

Vanquished Creatures (others)
  2 fungi (D:7)
2 creatures vanquished.

Grand Total: 224 creatures vanquished

Notes
Turn   | Place    | Note
-------+----------+-------------------------------------------
     0 | D:1      | berjavec the Troll Fighter began the quest for the Orb.
     0 | D:1      | Reached XP level 1. HP: 22/22 MP: 0/0
   144 | D:1      | Reached XP level 2. HP: 26/29 MP: 1/1
   492 | D:1      | Reached XP level 3. HP: 33/36 MP: 2/2
   751 | D:2      | Reached skill level 3 in Unarmed Combat
  1034 | D:3      | Noticed Grinder
  1045 | D:3      | Killed Grinder
  1045 | D:3      | Reached skill level 4 in Unarmed Combat
  1045 | D:3      | Reached XP level 4. HP: 33/45 MP: 3/3
  1045 | D:3      | Reached XP level 5. HP: 39/53 MP: 4/4
  1140 | D:3      | Noticed Robin
  1165 | D:3      | Reached XP level 6. HP: 61/61 MP: 5/5
  1236 | D:3      | Killed Robin
  1236 | D:3      | Reached skill level 5 in Unarmed Combat
  1359 | D:3      | Noticed Ijyb
  1379 | D:3      | Killed Ijyb
  1945 | D:4      | Noticed Natasha
  1950 | D:4      | Killed Natasha
  1971 | D:4      | Reached XP level 7. HP: 68/68 MP: 6/6
  1982 | D:4      | Found a radiant altar of Vehumet.
  2039 | D:4      | Found a runed door.
  2043 | D:4      | Noticed Crazy Yiuf
  2046 | D:4      | Killed Crazy Yiuf
  2132 | D:4      | Found a glowing drain.
  2135 | D:4      | Noticed Natasha
  2142 | Sewer    | Entered a sewer
  2146 | Sewer    | Reached skill level 6 in Unarmed Combat
  2229 | Sewer    | Found a white marble altar of Elyvilon.
  2327 | D:4      | Killed Natasha
  2365 | D:4      | Noticed vatarom's ghost (amateur FeTm)
  2369 | D:4      | Killed vatarom's ghost
  2491 | D:4      | Found a blossoming altar of Fedhas.
  2492 | D:4      | Found an ancient bone altar of Kikubaaqudgha.
  2536 | D:4      | Noticed Natasha
  2537 | D:4      | Noticed Eustachio
  2544 | D:4      | Killed Natasha
  2577 | D:4      | Killed Eustachio
  2577 | D:4      | Reached skill level 7 in Unarmed Combat
  2577 | D:4      | Reached XP level 8. HP: 57/79 MP: 7/7
  2730 | D:5      | Entered Level 5 of the Dungeon
  3132 | D:6      | Found a hazy altar of Hepliaklqana.
  3138 | D:6      | Found an opulent altar of Gozag.
  3401 | D:6      | Found a staircase to the Ecumenical Temple.
  3411 | D:6      | Noticed Edmund
  3424 | D:6      | Killed Edmund
  3424 | D:6      | Reached skill level 5 in Fighting
  3424 | D:6      | Reached skill level 5 in Shields
  3432 | Temple   | Entered the Ecumenical Temple
  3439 | Temple   | Became a worshipper of Warmaster Okawaru
  3547 | D:6      | Reached skill level 8 in Unarmed Combat
  3653 | D:6      | Reached * piety under Okawaru
  3819 | D:6      | Noticed Blork the orc
  3830 | D:6      | Killed Blork the orc
  3925 | D:6      | Reached XP level 9. HP: 88/88 MP: 8/8
  4033 | D:7      | Reached skill level 9 in Unarmed Combat
  4103 | D:7      | Reached ** piety under Okawaru
  4209 | D:7      | Found a basalt altar of Yredelemnul.
  4259 | D:7      | Found a shimmering altar of Xom.
  4259 | D:7      | Found a burning altar of Makhleb.
  4365 | D:7      | Found a radiant altar of Vehumet.
  4426 | D:7      | Found a bloodstained altar of Trog.
  4610 | D:7      | Reached skill level 10 in Unarmed Combat
  4869 | D:8      | Noticed Maurice
  4882 | D:8      | Killed Maurice
  4882 | D:8      | Reached *** piety under Okawaru
  4900 | D:8      | Noticed a two-headed ogre
  4908 | D:8      | Killed a two-headed ogre
  4908 | D:8      | Reached XP level 10. HP: 93/100 MP: 9/9
  5041 | D:8      | Paralysed by a hornet for 3 turns
  5226 | D:8      | Reached **** piety under Okawaru
  5429 | D:8      | Found Uguuca's Food Emporium.
  5530 | D:8      | Reached skill level 11 in Unarmed Combat
  5769 | D:8      | Engulfed by a cloud of freezing vapour

Skill      XL: |  1  2  3  4  5  6  7  8  9 10 |
---------------+-------------------------------+-----
Unarmed Combat | 4 5 7 8 10 11 | 11.0
Fighting       | 3 4 5 6 |  6.9
Shields        | 3 4 5 6 |  6.8
Dodging        | |  2.4

Action                   |  1- 3 |  4- 6 |  7- 9 | 10-12 || total
-------------------------+-------+-------+-------+-------++-------
Melee: Unarmed           |   158 |    92 |   321 |    67 ||   638
 Abil: Evoke Flight      |       |       |     1 |       ||     1
  Use: Scroll            |     2 |       |       |     3 ||     5
       Potion            |       |       |     1 |     1 ||     2
 Stab: Sleeping          |       |     1 |     2 |       ||     3
  Eat: Chunk             |    12 |     9 |    25 |    13 ||    59
Armor: Robe              |    85 |    12 |    63 |    15 ||   175
       Steam dragon scal |       |       |       |     3 ||     3
Dodge: Dodged            |    75 |    29 |   111 |    38 ||   253
Block: Shield            |    96 |    34 |   158 |    52 ||   340
